 Dungeon Crawl Stone Soup version 0.22-a0-406-g9ff8d77 (webtiles) character file.

52 Borgoz the Skirmisher (level 3, -1/33 HPs)
             Began as a Hill Orc Abyssal Knight on May 8, 2018.
             Was a Follower of Lugonu.
             Slain by a gnoll
             ... wielding a +0 whip
              (3 damage)
             ... on level 1 of the Dungeon.
             The game lasted 00:02:06 (1713 turns).

Borgoz the Skirmisher (Hill Orc Abyssal Knight)     Turns: 1713, Time: 00:02:06

Health: -1/33      AC:  5    Str: 14    XL:     3   Next: 85%
Magic:  14/14      EV: 10    Int: 12    God:    Lugonu [*.....]
Gold:   75         SH:  0    Dex: 11    Spells: 2/2 levels left

rFire    . . .     SeeInvis .   a - +1 hand axe
rCold    . . .     Gourm    .   (no shield)
rNeg     . . .     Faith    .   d - +0 ring mail
rPois    .         Spirit   .   (no helmet)
rElec    .         Reflect  .   (no cloak)
rCorr    .         Harm     .   (no gloves)
MR       .....                  (no boots)
Stlth    +.........             (no amulet)
HPRegen  0.11/turn              p - ring of magical power
MPRegen  0.14/turn              (no ring)

@: no status effects
A: no striking features
a: Depart the Abyss, Renounce Religion


You were on level 1 of the Dungeon.
You worshipped Lugonu.
Lugonu was aware of your devotion.
You were hungry.

You visited 1 branch of the dungeon, and saw 2 of its levels.
You visited the Abyss 1 time.

You collected 75 gold pieces.

Inventory:

Hand Weapons
 a - a +1 hand axe (weapon)
 i - a +1 whip of electrocution
Armour
 d - a +0 ring mail (worn)
Jewellery
 p - a ring of magical power (left hand)
Scrolls
 b - a scroll of random uselessness {unknown}
 j - 6 scrolls of identify {unknown}
 l - a scroll of fear {unknown}
 o - a scroll of teleportation {unknown}
Potions
 e - a potion of haste {unknown}
 f - a potion of berserk rage {unknown}
 g - a potion of brilliance {unknown}
 h - a potion of invisibility {unknown}
 k - a potion of mutation {unknown}
 n - a potion of flight {unknown}
Comestibles
 c - 4 rations


   Skills:
 + Level 4.1 Fighting
 * Level 3.8 Axes
 + Level 2.6 Armour
 + Level 1.2 Dodging
 + Level 3.0 Invocations


You had 2 spell levels left.
You didn't know any spells.

Dungeon Overview and Level Annotations

Branches:
Dungeon (2/15)

Altars:


Message History

The gnoll hits you with a halberd.
* * * LOW HITPOINT WARNING * * *
Unknown command.
The gnoll hits you but does no damage.
There is a stone staircase leading up here.
The gnoll closely misses you.
You climb upwards.
There is a stone staircase leading down here.
You hit the gnoll.
The gnoll is heavily wounded.
The gnoll hits you with a whip.
* * * LOW HITPOINT WARNING * * *
You hit the gnoll.
The gnoll is severely wounded.
The gnoll hits you with a whip.
* * * LOW HITPOINT WARNING * * *
You hit the gnoll but do no damage.
The gnoll is severely wounded.
The gnoll barely misses you. The gnoll hits you with a whip.
You die...

#.........###.#.##
#......#'#......##
##...####.####....#
....##.[#.#..##.#.#
##..#.#.#.#.#.#...#
....#..#...#..#...#
...####.....####..#
...+.....<.....+..#
...####.....####@g#
..#.#..#...#..#.###
..#.#.#.#.#.#.#.#
..[.##..#.#..##.# ########
.....####.#####.######......#####
.......##+#............#.........
#####..##.....#........#.##.#####
#..#####..#..........##.# ###
#.........#.........###.###..


You could see a gnoll.

Vanquished Creatures
  Robin (D:2)
  A dart slug (D:1)
  A leopard gecko (D:1)
  4 giant cockroaches (D:1)
  12 goblins
  5 hobgoblins
  A ball python (D:1)
  A bat (D:2)
  2 frilled lizards
  3 kobolds (D:1)
  5 rats
36 creatures vanquished.

Notes
Turn   | Place    | Note
-------+----------+-------------------------------------------
     0 | Abyss:1  | Borgoz the Hill Orc Abyssal Knight began the quest for the Orb.
     0 | Abyss:1  | Reached XP level 1. HP: 19/19 MP: 2/2
    33 | Abyss:1  | Noticed a thrashing horror
    86 | Abyss:1  | Found a corrupted altar of Lugonu.
   197 | Abyss:1  | Noticed a large abomination
   209 | Abyss:1  | Noticed a small abomination
   215 | D:1      | Escaped the Abyss
   558 | D:1      | Reached * piety under Lugonu
   627 | D:1      | Reached XP level 2. HP: 14/27 MP: 3/3
   627 | D:1      | Reached skill level 1 in Dodging
  1028 | D:1      | Reached XP level 3. HP: 32/33 MP: 5/5
  1232 | D:2      | Noticed Robin
  1234 | D:2      | Reached skill level 4 in Fighting
  1248 | D:2      | Killed Robin
  1248 | D:2      | Reached ** piety under Lugonu
  1712 | D:1      | HP: 1/33 [gnoll/whip (5)]
  1713 | D:1      | Slain by a gnoll

Vault maps used:
D:1:      nzn_arrival_crosshair, serial_bayou_lake_a
D:2:      uniq_robin

Skill      XL: |  1  2  3 |
---------------+----------+-----
Axes           | 3 |  3.8
Dodging        | 1 |  1.2
Fighting       | 4 |  4.1
Invocations    | 3 |  3.0
Armour         | |  2.6

Action                   || total
-------------------------++-------
Melee: Hand axe          ||    92
Invok: Depart the Abyss  ||     1
  Eat: Chunk             ||     2
Armor: Ring mail         ||    28
Dodge: Dodged            ||    62

Table legend:
 A = Spawn XP
 B = Non-spawn XP
 C = Spawn XP percentage of total XP
 D = Spawn monster count
 E = Non-spawn monster count
 F = Spawn count percentage of total count
 G = Total turns spent on level
                    A         B        C        D         E        F      G
               +---------+---------+-------+---------+---------+-------+---------
         Total |       0 |      75 |   0.0 |       0 |      36 |   0.0 |  1713
               +---------+---------+-------+---------+---------+-------+---------
           D:1 |       0 |      34 |   0.0 |       0 |      20 |   0.0 |   977
           D:2 |       0 |      41 |   0.0 |       0 |      16 |   0.0 |   521
               +---------+---------+-------+---------+---------+-------+---------
